 Dungeon Crawl Stone Soup version 0.31-a0-672-g7da72447bb (webtiles) character file.

Game seed: 5312245512548402616

43 elmdor the Shield-Bearer (level 3, -2/29 HPs)
             Began as a Formicid Fighter on Sept 4, 2023.
             Slain by a quasit (3 damage)
             ... on level 3 of the Dungeon.
             The game lasted 00:03:04 (1500 turns).

elmdor the Shield-Bearer (Formicid Fighter)         Turns: 1500, Time: 00:03:04

Health: -2/29      AC:  8    Str: 22      XL:     3   Next: 82%
Magic:  3/3        EV:  9    Int:  7      God:
Gold:   126        SH:  4    Dex:  6 (13) Spells: 2/2 levels left

rFire   . . .        a - +0 flail
rCold   . . .        c - +0 buckler
rNeg    . . .        b - +0 scale mail
rPois   .            (helmet unavailable)
rElec   .            (no cloak)
rCorr   .            (no gloves)
SInv    +            i - +0 pair of boots
Will    .....        (no amulet) Stlth
                     (no ring)
HPRegen 0.24/turn    (no ring)
MPRegen 0.08/turn

%: no passive effects
@: no status effects
A: permanent stasis, dig shafts and tunnels, antennae 3, four strong arms
a: Dig, Shaft Self


You were on level 3 of the Dungeon.
You visited 1 branch of the dungeon, and saw 3 of its levels.

You collected 126 gold pieces.

Inventory:

Hand Weapons
 a - a +0 flail (weapon)
Armour
 b - a +0 scale mail (worn)
 c - a +0 buckler (worn)
 i - a +0 pair of boots (worn)
Scrolls
 e - a scroll of fog {unknown}
 f - 3 scrolls of identify {unknown}
 g - a scroll of torment {unknown}
 j - a scroll of amnesia {unknown}
 k - a scroll of enchant weapon {unknown}
 l - a scroll of revelation {unknown}
 o - a scroll of teleportation {unknown}
Potions
 d - a potion of might
 h - 2 potions of curing {unknown}
 m - 2 potions of attraction {unknown}
 n - a potion of brilliance {unknown}


   Skills:
 - Level 3.2 Fighting
 + Level 3.1 Maces & Flails
 - Level 3.2 Armour
 - Level 5.0 Shields


You had 2 spell levels left.
You didn't know any spells.
Your spell library contained the following spells:

 Spells                   Type           Power      Damage    Failure   Level
 Freeze                   Ice            0%         1d3       82%         1
 Slow                     Hex            0%         N/A       82%         1
 Frozen Ramparts          Ice            0%         1d1       99%         3
 Hailstorm                Conj/Ice       0%         3d3       99%         3
 Inner Flame              Hex/Fire       0%         N/A       99%         3
 Discord                  Hex            0%         N/A       100%        8


Dungeon Overview and Level Annotations

Branches:
Dungeon (3/15)

Altars:

Annotations:
D:2 Terence
D:3 Xavori's ghost, amateur OpCK


Innate Abilities, Weirdness & Mutations

You cannot be hasted, slowed, berserked, paralysed or teleported.
You can dig through walls and to a lower floor.
You have a pair of large antennae on your head. (SInv)
Your four strong arms can wield two-handed weapons with a shield.


Message History

You block the quasit's attack.
The quasit claws you but does no damage.
The quasit claws you.
* * * LOW HITPOINT WARNING * * *
You feel clumsy. The quasit bites you.
* * * LOW HITPOINT WARNING * * *
The quasit closely misses you.
The quasit claws you but does no damage.
You thump the quasit!
The quasit is severely wounded.
The quasit bites you but does no damage.
The quasit closely misses you.
The quasit claws you but does no damage.
The quasit bites you but does no damage.
The quasit closely misses you. The quasit misses you.
Unknown command.
You closely miss the quasit.
The quasit is severely wounded.
The quasit bites you but does no damage.
The quasit claws you but does no damage. x2
Unknown command.
You hit the quasit.
The quasit is almost dead.
You block the quasit's attack.
The quasit claws you but does no damage.
You block the quasit's attack.
The quasit bites you but does no damage.
The quasit barely misses you.
The quasit claws you but does no damage.
You closely miss the quasit.
The quasit is almost dead.
The quasit barely misses you.
The quasit claws you but does no damage.
The quasit claws you.
* * * LOW HITPOINT WARNING * * *
The quasit barely misses you. x2; The quasit claws you.
* * * LOW HITPOINT WARNING * * *
The quasit bites you.
You die...

##.##..=###....#.....#
.#.....#.....#.##.....#
#.#..##..©.(#...#...†..#
#.#......#..##[.#.<.####
#.##...#...#....#..## #
#....#..W...##..#
#.#####.{###©##...#
#.....####©###..#.#
#####..@55........#
######......### ########


You could see 2 quasits.

Vanquished Creatures
  An adder (D:2)
  An orc (D:3)
  7 bats
  7 endoplasms
  A giant cockroach (D:1)
  2 goblins
  3 kobolds
  A quokka (D:1)
  4 frilled lizards
  7 rats
34 creatures vanquished.

Notes
Turn   | Place    | Note
-------+----------+-------------------------------------------
     0 | D:1      | elmdor the Formicid Fighter began the quest for the Orb.
     0 | D:1      | Reached XP level 1. HP: 18/18 MP: 1/1
    52 | D:1      | Reached XP level 2. HP: 24/24 MP: 2/2
    68 | D:1      | Got the Lectures on the Baleful Bonfire
   542 | D:1      | Found a faded altar of an unknown god.
   626 | D:2      | Reached XP level 3. HP: 21/29 MP: 3/3
  1073 | D:2      | Reached skill level 5 in Shields
  1096 | D:2      | Noticed Terence
  1459 | D:3      | Found a transporter.
  1464 | D:3      | Noticed Xavori's ghost (amateur OpCK)
  1479 | D:3      | Found a transporter.
  1499 | D:3      | HP: 1/29 [quasit (1)]
  1500 | D:3      | Slain by a quasit

Illustrated notes

Levels and vault maps discovered:
D:1:      dpeg_arrival_chambers_temple_mockup, layout_basic,
          hellmonk_ecumenical_altar_prayer_group, minmay_gold_behind_fungi,
          corexii_corridor_pit
D:2:      layout_basic, uniq_terence
D:3:      layout_rooms, gammafunk_ghost_stat_death, portal_sewer_entry_f,
          serial_shops, nicolae_shop_pleasant_corner_grove,
          minmay_misc_feat_roman

Skill      XL: |  1  2  3 |
---------------+----------+-----
Maces & Flails | 3 |  3.1
Shields        | 5 |  5.0
Fighting       | |  3.2
Armour         | |  3.2

Action                     || total
---------------------------++-------
  Melee: Flail             ||   109
Ability: Shaft Self        ||     1
 Armour: Scale mail        ||   158
  Dodge: Dodged            ||    74
  Block: Buckler           ||    43

Table legend: (Time is in decaauts)
 A = Elapsed time spent in this place.
 B = Non-inter-level travel time spent in this place.
 C = Inter-level travel time spent in this place.
 D = Time resting spent in this place.
 E = Time spent auto-exploring this place.
 F = Levels seen in this place.
 G = Mean time per level.
                   A        B        C        D        E       F      G
               +--------+--------+--------+--------+--------+-----+--------+
         Total |   1533 |   1476 |     57 |     46 |   1010 |   3 |  511.0 |
       Dungeon |   1533 |   1476 |     57 |     46 |   1010 |   3 |  511.0 |
               +--------+--------+--------+--------+--------+-----+--------+

Top non-repeatable levels by time:
     D:2: 813 daAuts
     D:1: 656 daAuts
     D:3: 62 daAuts
